 Dungeon Crawl Stone Soup version 0.32-a0-976-g7161d331b1 (webtiles) character file.

Game seed: 1060719886260523756

877 DryNick the Cleaver (level 7, -2/60 HPs)
             Began as a Mountain Dwarf Fighter on Apr 20, 2024.
             Slain by a hound (5 damage)
             ... on level 4 of the Dungeon.
             The game lasted 00:10:35 (3312 turns).

DryNick the Cleaver (Mountain Dwarf Fighter)        Turns: 3312, Time: 00:10:35

Health: -2/60      AC:  7    Str: 21    XL:     7   Next: 75%
Magic:  7/7        EV:  8    Int:  8    God:
Gold:   209        SH:  4    Dex:  9    Spells: 6/6 levels left

rFire   . . .        a - +0 war axe
rCold   . . .        c - +0 buckler
rNeg    . . .        b - +0 scale mail
rPois   .            (helmet restricted)
rElec   .            (no cloak)
rCorr   .            (no gloves)
SInv    +            (no boots)
Will    .....        (no amulet) Stlth
                     (no ring)
HPRegen 0.30/turn    (no ring)
MPRegen 0.10/turn

%: no passive effects
@: no status effects
A: runic magic, artefact enchanting, horns 1, see invisible
a: no special abilities


You were on level 4 of the Dungeon.
You visited 1 branch of the dungeon, and saw 4 of its levels.
You also visited: Sewer.

You collected 209 gold pieces.

Inventory:

Hand Weapons
 a - a +0 war axe (weapon)
 u - a +0 morningstar
Armour
 b - a +0 scale mail (worn)
 c - a +0 buckler (worn)
Scrolls
 g - a scroll of noise
 h - a scroll of poison
 k - 2 scrolls of vulnerability {unknown}
 n - 2 scrolls of teleportation {unknown}
 p - a scroll of torment {unknown}
 q - 2 scrolls of enchant armour {unknown}
 r - a scroll of blinking {unknown}
Potions
 d - 2 potions of resistance {unknown}
 e - a potion of brilliance {unknown}
 i - a potion of attraction {unknown}
 j - 2 potions of mutation
 l - 3 potions of cancellation
 m - a potion of heal wounds {unknown}
 o - a potion of invisibility {unknown}
 s - a potion of haste {unknown}


   Skills:
 + Level 4.8 Fighting
 * Level 8.3 Axes
 + Level 4.9 Armour
 + Level 4.9 Shields


You had 6 spell levels left.
You didn't know any spells.
Your spell library contained the following spells:

 Spells                   Type           Power      Damage    Failure   Level
 Apportation              Tloc           0%         N/A       54%         1
 Jinxbite                 Hex            0%         N/A       69%         2
 Alistair's Intoxication  Alch           0%         N/A       100%        5


Dungeon Overview and Level Annotations

Branches:
Dungeon (4/15)              Sewer (visited)
 Temple: D:4-7

Altars:
Cheibriados
Gozag
Ru

Annotations:
D:4 3 runed translucent doors


Innate Abilities, Weirdness & Mutations

Your spellcasting is much less encumbered by armour.
You can use scrolls of enchantment on lesser artefacts.
You have a pair of small horns on your head.
You have supernaturally acute eyesight. (SInv)


Message History

The jelly hits you. The acid corrodes you!
You are splashed with acid!
You block the hound's attack.
You slash the jelly! The acid corrodes you!
Your hands burn!
The jelly is severely wounded.
You hit the hound. The hound barely misses you. The jelly hits you.
You are splashed with acid!
The hound barely misses you.
You hit the jelly but do no damage. The acid corrodes you!
Your hands burn!
The jelly is severely wounded.
You miss the hound. The jelly hits you. The acid corrodes you!
You are splashed with acid!
* * * LOW HITPOINT WARNING * * *
The hound completely misses you.
You are too injured to fight recklessly!
You are too injured to fight recklessly!
You are too injured to fight recklessly!
You are too injured to fight recklessly!
You are too injured to fight recklessly!
You are too injured to fight recklessly!
You are too injured to fight recklessly!
You are too injured to fight recklessly!
You are too injured to fight recklessly!
You are too injured to fight recklessly!
You are too injured to fight recklessly!
You hit the jelly.
Your hands burn!
* * * LOW HITPOINT WARNING * * *
The jelly is almost dead.
You hit the hound. The hound closely misses you. The jelly hits you.
* * * LOW HITPOINT WARNING * * *
The acid corrodes you!
You are splashed with acid!
* * * LOW HITPOINT WARNING * * *
You block the hound's attack.
It was a potion of cancellation.
Your magical effects are unravelling.
You feel magically purged.
You are no longer corroded.
You block the jelly's attack. The hound bites you but does no damage.
It was a potion of mutation.
You feel extremely strange. A pair of horns grows on your head!
Your vision sharpens.
The hound closely misses you. The jelly barely misses you. The hound bites you.
You die...

*,*,** ,,,,,***
,***,,,***** ###*
,*,*,*,,,.,***#..##
,*,*,,,,,#.,**....##
,,,,,,,*,*#.#**....##
**,**,,,,,#...,,....#
*,,,*,***,,,#..##..#*
,,,,,,,,*,*,*##J@..###
*,,^*,***,,..#.h...#.###
**,**,,,,,.............#
,,,,,,,*,.....:....)<.##
,*,*,,,,,.............#
,*,*,*,,,.............#*
,***,,,,,..............#
,,,,,,,,,..........#.###
,,*,,,,,,,.......###.#


You could see a hound and a jelly.

Vanquished Creatures
  Grinder (Sewer)
  Eustachio (D:3)
  A phantom (D:4)
  2 kobold brigands (Sewer)
  A quasit (Sewer)
  A hound (D:3)
  An orc priest (D:2)
  An orc wizard (D:3)
  6 adders
  A shadow imp (Sewer)
  4 ufetubi (Sewer)
  3 dart slugs (D:2)
  2 ribbon worms
  12 orcs
  11 ball pythons
  6 endoplasms
  2 giant cockroaches
  5 goblins
  4 hobgoblins
  3 jackals (D:1)
  7 quokkas
  10 bats
  5 frilled lizards
  14 kobolds
  A rat (D:1)
105 creatures vanquished.

Notes
Turn   | Place    | Note
-------+----------+-------------------------------------------
     0 | D:1      | DryNick the Mountain Dwarf Fighter began the quest for the
                  | Orb.
     0 | D:1      | Reached XP level 1. HP: 19/19 MP: 1/1
   220 | D:1      | Reached skill level 3 in Axes
   298 | D:1      | Reached XP level 2. HP: 26/26 MP: 2/2
   730 | D:1      | Found an opulent altar of Gozag.
   759 | D:2      | Reached skill level 4 in Axes
   773 | D:2      | Reached XP level 3. HP: 22/31 MP: 3/3
   837 | D:2      | Found a faded altar of an unknown god.
   852 | D:2      | You fall into a shaft and drop 2 floors!
   862 | D:4      | Noticed a phantom
   892 | D:4      | Killed a phantom
   893 | D:4      | Reached skill level 6 in Axes
   893 | D:4      | Reached XP level 4. HP: 21/38 MP: 4/4
   909 | D:4      | Found a runed translucent gate.
   910 | D:4      | Found a runed translucent gate.
   911 | D:4      | Found a runed translucent gate.
   934 | D:4      | Found a glowing drain.
   953 | Sewer    | Entered a sewer
  1067 | Sewer    | Reached XP level 5. HP: 37/45 MP: 5/5
  1258 | Sewer    | Reached XP level 6. HP: 17/52 MP: 6/6
  1416 | Sewer    | Found a burning altar of Makhleb.
  1446 | Sewer    | Noticed Grinder
  1450 | Sewer    | Paralysed by Grinder for 5 turns
  1469 | Sewer    | Killed Grinder
  1470 | Sewer    | Reached skill level 7 in Axes
  1470 | Sewer    | Reached XP level 7. HP: 18/60 MP: 7/7
  2159 | D:2      | Identified the +6 scale mail of Responsibility {rC+ Str+2}
  2351 | D:3      | Found a snail-covered altar of Cheibriados.
  2363 | D:3      | Found a sacrificial altar of Ru.
  3222 | D:4      | Noticed Eustachio
  3236 | D:3      | Reached skill level 8 in Axes
  3238 | D:3      | Killed Eustachio
  3310 | D:4      | HP: 2/60 [acid (7)]
  3312 | D:4      | Gained mutation: You have a pair of small horns on your
                  | head. [potion of mutation]
  3312 | D:4      | Gained mutation: You have supernaturally acute eyesight.
                  | (SInv) [potion of mutation]
  3312 | D:4      | Slain by a hound

Illustrated notes

Levels and vault maps discovered:
D:1:      dpeg_arrival_water_altar, layout_loops_ring, corexii_hall_statues_u
D:2:      cheibrodos_pilgrimage, layout_basic,
          shapermc_ecumenical_altar_mp_highgroup, guppyfry_early_orc_mine
D:3:      layout_loops_corners, grunt_temple_overflow_open, amethyst_killhole
D:4:      layout_cave_pools, gammafunk_ghost_necromancy, portal_sewer_entry_f,
          minmay_fractal_squares_5, uniq_crazy_yiuf_cottage, uniq_eustachio

Skill      XL: |  1  2  3  4  5  6  7 |
---------------+----------------------+-----
Axes           | 3 4 6 7 8 |  8.3
Shields        | 4 |  4.9
Fighting       | 4 |  4.8
Armour         | 4 |  4.9

Action                     |  1- 3 |  4- 6 |  7- 9 || total
---------------------------+-------+-------+-------++-------
  Melee: War axe           |    94 |    97 |   147 ||   338
    Use: Scroll            |     1 |     1 |     2 ||     4
         Potion            |       |     4 |     3 ||     7
 Armour: Scale mail        |    96 |   148 |   127 ||   371
         Skin              |       |    31 |       ||    31
  Dodge: Dodged            |    47 |    75 |    69 ||   191
  Block: Buckler           |    21 |    44 |    36 ||   101

Table legend: (Time is in decaauts)
 A = Elapsed time spent in this place.
 B = Non-inter-level travel time spent in this place.
 C = Inter-level travel time spent in this place.
 D = Time resting spent in this place.
 E = Time spent auto-exploring this place.
 F = Levels seen in this place.
 G = Mean time per level.
                   A        B        C        D        E       F      G
               +--------+--------+--------+--------+--------+-----+--------+
         Total |   3398 |   3276 |    122 |    270 |   2171 |   5 |  679.6 |
       Dungeon |   2628 |   2506 |    122 |      0 |   1931 |   4 |  657.0 |
         Sewer |    770 |    770 |      0 |    270 |    240 |   1 |  770.0 |
               +--------+--------+--------+--------+--------+-----+--------+

Top non-repeatable levels by time:
     D:3: 1057 daAuts
     D:1: 810 daAuts
   Sewer: 770 daAuts
     D:2: 623 daAuts
     D:4: 136 daAuts
